 Dungeon Crawl Stone Soup version 0.30-a0-862-g1aabd4f9c5 (webtiles) character file.

Game seed: 297180660055751296

26140 Khashishi the Brawler (level 12, -2/117 HPs)
             Began as a Troll Chaos Knight on Mar 8, 2023.
             Was a Plaything of Xom.
             Slain by a polar bear (18 damage)
             ... on level 3 of the Lair of Beasts.
             The game lasted 01:03:08 (10783 turns).

Khashishi the Brawler (Troll Chaos Knight)         Turns: 10783, Time: 01:03:09

Health: -2/117     AC:  7    Str: 27    XL:     12   Next: 95%
Magic:  11/11      EV:  9    Int:  8    God:    Xom [.*....]
Gold:   880        SH:  0    Dex:  7    Spells: 11/11 levels left

rFire   + . .      SeeInvis +      - Unarmed
rCold   . . .      Faith    .    a - orb {*Rage}
rNeg    . . .      Spirit   .    H - +2 troll leather armour {Snorg}
rPois   .          Reflect  .    (helmet restricted)
rElec   .          Rampage  .    s - +0 cloak
rCorr   .          Rage     20%  (gloves unavailable)
Will    +....                    (boots unavailable)
Stlth   +                        (no amulet)
HPRegen 1.99/turn                p - ring of protection from fire
MPRegen 0.12/turn                J - ring of see invisible

@: on berserk cooldown, mesmerised, slowed, very slow
A: large, unfitting armour, claws 3, regeneration 1, shaggy fur 1, tough skin 1,
antennae 1, clumsy 1, deformed body, frail 1, strong-willed 1, sense
surroundings 1
a: Renounce Religion


You were on level 3 of the Lair of Beasts.
You worshipped Xom.
You were a plaything of Xom.
You visited 3 branches of the dungeon, and saw 14 of its levels.

You collected 910 gold pieces.
You spent 30 gold pieces at shops.

Inventory:

Missiles
 m - 102 stones (quivered)
 t - 10 poisoned darts
 x - 8 boomerangs
Armour
 a - an orb of wrath (worn)
 s - a +0 cloak (worn)
 H - a +2 troll leather armour (worn) {Snorg}
Jewellery
 p - a ring of protection from fire (left claw)
 J - a ring of see invisible (right claw)
Wands
 y - a wand of digging (9)
 z - a wand of flame (15)
 A - a wand of light (2)
 K - a wand of iceblast (3)
 L - a wand of polymorph (5)
Scrolls
 c - 3 scrolls of magic mapping
 d - 2 scrolls of amnesia
 e - 2 scrolls of teleportation
 f - a scroll of silence {unknown}
 g - 3 scrolls of fear
 h - 2 scrolls of fog {unknown}
 i - 3 scrolls of poison
 o - 3 scrolls of enchant weapon
 w - 2 scrolls of vulnerability {unknown}
 B - 2 scrolls of blinking
 G - a scroll of enchant armour {unknown}
 I - a scroll of immolation {unknown}
 M - a scroll of butterflies {unknown}
Potions
 j - 5 potions of attraction
 k - 7 potions of curing
 l - 2 potions of haste
 n - a potion of magic {unknown}
 q - 4 potions of flight
 r - a potion of berserk rage {unknown}
 u - a potion of might {unknown}
 v - a potion of lignification {unknown}
 C - 2 potions of cancellation
 D - a potion of brilliance {unknown}
 E - 2 potions of mutation
 F - a potion of heal wounds
Miscellaneous
 b - a piece from Xom's chessboard (3/15)


   Skills:
 + Level 11.2 Fighting
 - Level 3.0 Throwing
 - Level 2.0 Armour
 - Level 2.0 Dodging
 * Level 15.2 Unarmed Combat
 + Level 6.7 Evocations


You had 11 spell levels left.
You didn't know any spells.
Your spell library contained the following spells:

 Spells                   Type           Power      Damage    Failure   Level
 Apportation              Tloc           0%         N/A       43%         1
 Freeze                   Ice            0%         1d3       43%         1
 Frozen Ramparts          Ice            0%         1d1       82%         3
 Hailstorm                Conj/Ice       0%         3d3       82%         3
 Ice Form                 Ice/Tmut       0%         N/A       99%         4
 Leda's Liquefaction      Hex/Erth       0%         N/A       99%         4
 Summon Ice Beast         Ice/Summ       0%         N/A       99%         4
 Alistair's Intoxication  Tmut/Pois      0%         N/A       100%        5
 Borgnjor's Vile Clutch   Necr/Erth      0%         N/A       100%        5
 Lee's Rapid Deconstruct  Erth           0%         3d4*      100%        5
 Eringya's Noxious Bog    Tmut/Pois      0%         N/A       100%        6
 Simulacrum               Ice/Necr       0%         N/A       100%        6
 Statue Form              Tmut/Erth      0%         N/A       100%        6
 Chain Lightning          Conj/Air       0%         N/A       100%        9
 Fire Storm               Conj/Fire      0%         5d1       100%        9
 Shatter                  Erth           0%         3d5*      100%        9


Dungeon Overview and Level Annotations

Branches:
Dungeon (10/15)            Temple (1/1) D:6            Lair (3/5) D:9
 Shoals (0/4) Lair:3        Snake (0/4) Lair:3          Orc (0/2) D:10

Altars:
Ashenzari
Cheibriados
Dithmenos
Elyvilon
Fedhas
Gozag
Hepliaklqana
Kikubaaqudgha
Makhleb
Nemelex Xobeh
Okawaru
Qazlal
Ru
Sif Muna
Trog
Uskayaw
Vehumet
Wu Jian
Xom
Yredelemnul
Zin
The Shining One

Shops:
D:2 *   D:6 ?   D:9 :

Portals:
Abyss: Lair:1

Annotations:
Lair:1 2 transporters, bmack86's ghost, journeyman MiFi


Innate Abilities, Weirdness & Mutations

You are too large for most types of armour.
You have claws for hands.
Your natural rate of healing is unusually fast.
You are covered in fur. (AC +1)
You have tough skin. (AC +1)
You have a pair of small antennae on your head.
You are clumsy. (Dex -2)
Armour fits poorly on your strangely shaped body.
You are frail. (-10% HP)
You are strong-willed. (Will+)
You passively map a small area around you.


Message History

You kill the dream sheep!
The dream sheep shakes its wool and sparkles.
You feel drowsy...
You fall asleep.
The dream sheep bites you!!
You wake up.
You eviscerate the dream sheep!!!
You kill the dream sheep!
A merfolk siren comes into view. It is wielding a +0 spear.
The merfolk siren shouts!
The merfolk siren chants a haunting song.
You are mesmerised by the merfolk siren!
You scratch the polar bear.
The polar bear is moderately wounded.
The merfolk siren chants its luring song.
The polar bear bites you but does no damage.
The polar bear claws you but does no damage. x2
You mangle the polar bear!!
The polar bear is almost dead.
Xom smirks.
You detect creatures!
The polar bear goes berserk!
You barely miss the polar bear.
The polar bear is almost dead.
The polar bear bites you! The polar bear claws you.
The polar bear barely misses you.
The merfolk siren chants its luring song.
The polar bear bites you!!
* * * LOW HITPOINT WARNING * * *
The polar bear barely misses you. The polar bear closely misses you.
You scratch the polar bear.
The polar bear is almost dead.
The merfolk siren chants its luring song.
The polar bear closely misses you.
The polar bear claws you but does no damage.
The polar bear barely misses you.
You scratch the polar bear but do no damage.
The polar bear is almost dead.
The polar bear bites you!!
* * * LOW HITPOINT WARNING * * *
The polar bear closely misses you. x2; The polar bear bites you!!
You die...
Xom chuckles heartily!

........## ...............
...P#..P# #####.....>.........
.......## ~##.#.#...........P††.
.......# ##........... ** #<.
.......#.>~#...........# #..
.......#.#~ #..<...... #..
<......##.~~#....†.#* , ##..
.......##..~ #..h####... ...
†.....##*#.~.#..@#*....## *#..
†.....# #..~#...# #....* #..
.......# #.....# #...# ### #..
......## #..)..##*#..###.# ##..
......# * #m.....###..#P.####...
......# #..#.....##........†....
.................................
###.####...#######.#..###...##..#
#.* #### ##.### #########


You could see a polar bear (berserk) and a merfolk siren (mesmerising).

Vanquished Creatures
  Snorg (D:10)
  A catoblepas (Lair:3)
  Erica (D:8)
  A boulder beetle (D:9)
  3 two-headed ogres
  2 skysharks
  2 merfolk sirens (Lair:3)
  The ghost of Iamsock the Fighter, a novice GnWn of Ashenzari (D:6)
  2 black mambas (Lair:3)
  Joseph (D:8)
  Maurice (D:8)
  8 cane toads
  Maggie (D:8)
  4 komodo dragons
  A yaktaur (D:10)
  A troll (D:9)
  4 polar bears (D:10)
  6 dream sheep (Lair:3)
  3 wyverns
  26 yaks
  A human (Lair:1)
  2 wraiths (D:10)
  A basilisk (Lair:2)
  3 steam dragons
  10 water moccasins
  A meliai simulacrum (D:10)
  3 orc warriors
  9 ice beasts
  A sky beast (D:4)
  A hornet zombie (D:7)
  5 ogres
  3 black bears
  4 wolves
  4 centaurs
  2 kobold brigands
  2 necrophages (D:7)
  2 gnoll sergeants
  10 bullfrogs
  9 scorpions
  12 wights
  8 killer bees
  2 howler monkeys (D:6)
  3 centaur zombies (D:7)
  3 hounds
  A human zombie (D:7)
  2 gnoll boudas
  3 orc priests
  Crazy Yiuf (D:2)
  A sleepcap (D:4)
  Jessica (D:3)
  4 iguanas
  Natasha (thrice) (D:3)
  4 orc wizards
  A killer bee zombie (D:7)
  2 mummies (D:7)
  18 gnolls
  15 adders
  2 white imps (D:10)
  2 howler monkey simulacra (D:10)
  2 ufetubi
  3 worms
  2 dart slugs
  27 orcs
  7 ball pythons
  3 endoplasms
  6 giant cockroaches
  13 goblins
  12 hobgoblins
  3 jackals (D:4)
  14 kobolds
  6 quokkas
  12 bats
  7 frilled lizards
  4 rats
352 creatures vanquished.

Vanquished Creatures (collateral kills)
  A black bear (D:9)
  A bullfrog (D:9)
  A killer bee (D:9)
  An adder (D:5)
  2 orcs
  3 kobolds (D:9)
9 creatures vanquished.

Vanquished Creatures (others)
  42 fungi
  31 plants
73 creatures vanquished.

Grand Total: 434 creatures vanquished

Notes
Turn   | Place    | Note
-------+----------+-------------------------------------------
     0 | D:1      | Khashishi the Troll Chaos Knight began the quest for the
                  | Orb.
     0 | D:1      | Reached XP level 1. HP: 22/22 MP: 0/0
   117 | D:1      | Found a faded altar of an unknown god.
   134 | D:1      | Reached XP level 2. HP: 28/29 MP: 1/1
   166 | D:1      | Got Plato's Almanac of Portals
   172 | D:1      | XOM: silly message
   229 | D:1      | Reached skill level 4 in Unarmed Combat
   318 | D:1      | XOM: divination: detect items
   547 | D:2      | Reached XP level 3. HP: 36/36 MP: 2/2
   617 | D:2      | XOM: silly message
  1115 | D:2      | Reached XP level 4. HP: 43/44 MP: 3/3
  1235 | D:2      | Found Liff's General Store.
  1293 | D:2      | Reached skill level 5 in Unarmed Combat
  1350 | D:2      | Found a runed translucent door.
  1351 | D:2      | Noticed Crazy Yiuf
  1364 | D:2      | Killed Crazy Yiuf
  1512 | D:3      | XOM: potion effect (haste)
  1518 | D:3      | XOM: polymorph orc -> ball python
  1561 | D:3      | Reached XP level 5. HP: 50/50 MP: 4/4
  1569 | D:3      | Reached skill level 6 in Unarmed Combat
  1640 | D:3      | Noticed Natasha
  1643 | D:3      | Killed Natasha
  1732 | D:3      | Noticed Natasha
  1742 | D:3      | Killed Natasha
  1906 | D:3      | Noticed Jessica
  1913 | D:3      | Killed Jessica
  1914 | D:3      | Reached XP level 6. HP: 61/61 MP: 5/5
  1931 | D:3      | XOM: give mutations
  1931 | D:3      | Gained mutation: You are weak. (Str -2) [Xom's mischief]
  1931 | D:3      | Gained mutation: You are clumsy. (Dex -2) [Xom's mischief]
  1931 | D:3      | Lost mutation: You are weak. (Str -2) [Xom's mischief]
  1939 | D:3      | XOM: 3-stop teleportation journey
  2155 | D:3      | Noticed Natasha
  2161 | D:3      | Killed Natasha
  2313 | D:3      | XOM: noise
  2621 | D:4      | Found a radiant altar of Vehumet.
  2656 | D:4      | XOM: noise
  2711 | D:4      | Found a transporter.
  2722 | D:4      | Noticed an ice beast
  2722 | D:4      | Noticed an ice beast
  2722 | D:4      | Noticed an ice beast
  2730 | D:4      | Noticed a sky beast
  2734 | D:4      | XOM: enchant monster (good)
  2740 | D:4      | Killed a sky beast
  2763 | D:4      | Reached skill level 7 in Unarmed Combat
  2910 | D:4      | XOM: enchant monster (bad)
  2915 | D:4      | Reached XP level 7. HP: 68/70 MP: 6/6
  2916 | D:4      | XOM: enchant monster (good)
  2964 | D:4      | XOM: 5-stop teleportation journey
  3109 | D:4      | XOM: stat loss: -1 Int (7/8)
  3111 | D:4      | Found a transporter.
  3362 | D:4      | XOM: summons 4 hostile demons
  3433 | D:4      | XOM is BORED!
  3433 | D:4      | XOM: give mutations
  3433 | D:4      | Gained mutation: You are frail. (-10% HP) [Xom's mischief]
  3433 | D:4      | Gained mutation: You are strong-willed. (Will+) [Xom's
                  | mischief]
  3433 | D:4      | Gained mutation: You sometimes lose your temper in combat.
                  | [Xom's mischief]
  3433 | D:4      | Gained mutation: You are very clumsy. (Dex -4) [Xom's
                  | mischief]
  3496 | D:5      | Entered Level 5 of the Dungeon
  3508 | D:5      | Reached skill level 8 in Unarmed Combat
  3523 | D:5      | Found an ornate altar of the Wu Jian Council.
  3569 | D:5      | Reached skill level 5 in Fighting
  3580 | D:5      | Reached XP level 8. HP: 72/72 MP: 7/7
  3620 | D:5      | Found an opulent altar of Gozag.
  3633 | D:5      | XOM: divination: detect creatures
  3635 | D:5      | XOM: noise
  3680 | D:5      | XOM: enchant monster (good)
  3718 | D:5      | XOM: enchant monster (good)
  3720 | D:5      | XOM: butterfly on damage
  3755 | D:5      | XOM: 1-stop teleportation journey
  3935 | D:5      | Reached skill level 9 in Unarmed Combat
  3964 | D:5      | Found an ancient bone altar of Kikubaaqudgha.
  4110 | D:6      | Found a staircase to the Ecumenical Temple.
  4153 | Temple   | Entered the Ecumenical Temple
  4153 | Temple   | Found a transporter.
  4153 | Temple   | Found a transporter.
  4155 | Temple   | Found a transporter.
  4155 | Temple   | Found a transporter.
  4219 | D:6      | XOM: confusion
  4224 | D:6      | XOM: polymorph orc wizard -> gnoll
  4254 | D:6      | Found a transporter.
  4254 | D:6      | Noticed Iamsock's ghost (novice GnWn)
  4272 | D:6      | Noticed a two-headed ogre
  4276 | D:6      | Found a transporter.
  4291 | D:6      | Found a shimmering blue altar of Sif Muna.
  4340 | D:6      | XOM: enchant monster (bad)
  4400 | D:6      | Reached XP level 9. HP: 82/82 MP: 8/8
  4456 | D:6      | XOM: enchant monster (bad)
  4504 | D:6      | Found Biciub Xymi's Magic Scroll Emporium.
  4514 | D:6      | Bought a scroll of teleportation for 30 gold pieces
  4646 | D:6      | Reached skill level 10 in Unarmed Combat
  5038 | D:7      | XOM: give mutations
  5038 | D:7      | Lost mutation: You are strong-willed. (Will+) [Xom's
                  | mischief]
  5038 | D:7      | Lost mutation: You are frail. (-10% HP) [Xom's mischief]
  5168 | D:7      | XOM: give mutations
  5168 | D:7      | Gained mutation: You are frail. (-10% HP) [Xom's mischief]
  5168 | D:7      | Gained mutation: You are weak. (Str -2) [Xom's mischief]
  5168 | D:7      | Lost mutation: You are weak. (Str -2) [Xom's mischief]
  5221 | D:7      | XOM: confuse monster(s)
  5247 | D:7      | Noticed a two-headed ogre
  5262 | D:7      | XOM: divination: magic mapping
  5264 | D:7      | XOM: noise
  5272 | D:7      | XOM: enchant monster (bad)
  5356 | D:7      | Killed a two-headed ogre
  5357 | D:7      | Reached skill level 11 in Unarmed Combat
  5629 | D:7      | Reached XP level 10. HP: 95/95 MP: 9/9
  5703 | D:7      | Found a basalt altar of Yredelemnul.
  5724 | D:7      | Reached skill level 1 in Evocations
  5823 | D:8      | Noticed Maggie
  5834 | D:8      | Killed Maggie
  5855 | D:8      | XOM: god gift: 39 gold pieces
  5897 | D:8      | Noticed Maurice
  5905 | D:8      | Killed Maurice
  5964 | D:8      | Noticed Joseph
  5980 | D:8      | Killed Joseph
  6078 | D:8      | XOM: god gift: club {god gift}
  6089 | D:8      | XOM: scenery: 1 doors open
  6089 | D:8      | Noticed Erica
  6093 | D:8      | Killed Erica
  6099 | D:8      | XOM: confuse monster(s)
  6252 | D:8      | Found a blossoming altar of Fedhas.
  6340 | D:8      | XOM: scenery: 1 doors close
  6411 | D:8      | Reached skill level 12 in Unarmed Combat
  6471 | D:8      | XOM: give mutation
  6471 | D:8      | Gained mutation: You are strong-willed. (Will+) [Xom's
                  | grace]
  6735 | D:6      | XOM: cast spell 'Monstrous Menagerie'
  6736 | D:6      | Killed Iamsock's ghost
  6739 | D:6      | XOM: smoke on damage
  6740 | D:6      | Killed a two-headed ogre
  6741 | D:6      | Reached skill level 1 in Armour
  6741 | D:6      | XOM: divination: detect creatures
  6896 | D:9      | Found Yni Ril's Book Shoppe.
  6919 | D:9      | Noticed a boulder beetle
  6927 | D:9      | XOM: enchant monster (good)
  6939 | D:9      | Killed a boulder beetle
  6940 | D:9      | Reached XP level 11. HP: 100/103 MP: 10/10
  6986 | D:9      | XOM: cast spell 'Call Canine Familiar'
  6994 | D:9      | Reached skill level 1 in Throwing
  7110 | D:9      | XOM: draining
  7365 | D:9      | XOM: cast spell 'Summon Small Mammal'
  7376 | D:9      | XOM: confuse monster(s)
  7461 | D:9      | Found a staircase to the Lair.
  7493 | D:10     | Entered Level 10 of the Dungeon
  7575 | D:10     | Noticed Snorg
  7630 | D:10     | XOM: give mutations
  7630 | D:10     | Gained mutation: You are very frail. (-20% HP) [Xom's
                  | mischief]
  7630 | D:10     | Gained mutation: You have a pair of small antennae on your
                  | head. [Xom's mischief]
  7630 | D:10     | Lost mutation: You sometimes lose your temper in combat.
                  | [Xom's mischief]
  7630 | D:10     | Gained mutation: You occasionally lose the ability to read
                  | scrolls when taking damage. [Xom's mischief]
  7631 | D:10     | XOM: summons friendly crimson imp
  7633 | D:10     | XOM: 4-stop teleportation journey
  7691 | D:10     | Found a staircase to the Orcish Mines.
  7734 | D:10     | XOM: confuse monster(s)
  7782 | D:10     | XOM: 1-stop teleportation journey
  7786 | D:10     | XOM: polymorph yak -> yaktaur
  7831 | D:10     | Noticed a two-headed ogre
  7841 | D:10     | Killed a two-headed ogre
  7842 | D:10     | Reached skill level 10 in Fighting
  7858 | D:10     | XOM: destruction
  7888 | D:10     | XOM: fog
  7889 | D:10     | Reached skill level 13 in Unarmed Combat
  7891 | D:10     | XOM: blink monster(s)
  8013 | D:10     | Found a glowing golden altar of the Shining One.
  8066 | D:10     | Reached skill level 5 in Evocations
  8101 | D:10     | Found a white marble altar of Elyvilon.
  8101 | D:10     | Found a hide-covered altar of Uskayaw.
  8361 | D:10     | XOM: divination: magic mapping
  8379 | D:10     | Found a sparkling altar of Nemelex Xobeh.
  8538 | D:10     | XOM: divination: detect creatures
  8545 | D:10     | Killed Snorg
  8549 | D:10     | XOM: scenery: 1 fountains blood, 2 doors close
  8613 | Lair:1   | Entered Level 1 of the Lair of Beasts
  8619 | Lair:1   | XOM: cast spell 'Call Canine Familiar'
  8660 | Lair:1   | XOM: confuse monster(s)
  8662 | Lair:1   | XOM: polymorph yak -> human
  8786 | Lair:1   | Reached XP level 12. HP: 101/101 MP: 11/11
  8934 | Lair:1   | Noticed a tentacled starspawn
  8951 | Lair:1   | Found a transporter.
  8954 | Lair:1   | Found a one-way gate to the infinite horrors of the Abyss.
  8954 | Lair:1   | Noticed bmack86's ghost (journeyman MiFi)
  8981 | Lair:1   | Found a transporter.
  9442 | Lair:1   | XOM: give mutation
  9442 | Lair:1   | Gained mutation: Your spells are a little easier to cast,
                  | but a little less powerful. [Xom's mischief]
  9639 | Lair:2   | XOM: divination: detect items
  9677 | Lair:2   | XOM: smoke on damage
  9704 | Lair:2   | Reached skill level 14 in Unarmed Combat
  9745 | Lair:2   | XOM: stat loss: -1 Dex (4/5)
  9846 | Lair:2   | XOM: blink monster(s)
  9865 | Lair:2   | Lost mutation: You occasionally lose the ability to read
                  | scrolls when taking damage. [potion of mutation]
  9865 | Lair:2   | Lost mutation: Your spells are a little easier to cast, but
                  | a little less powerful. [potion of mutation]
  9865 | Lair:2   | Lost mutation: You are very clumsy. (Dex -4) [potion of
                  | mutation]
  9865 | Lair:2   | Gained mutation: Armour fits poorly on your strangely
                  | shaped body. [potion of mutation]
  9865 | Lair:2   | Gained mutation: You passively map a small area around you.
                  | [potion of mutation]
  9865 | Lair:2   | Lost mutation: You are very frail. (-20% HP) [potion of
                  | mutation]
  9943 | Lair:2   | XOM: noise
 10005 | Lair:2   | XOM: noise
 10415 | Lair:3   | XOM: summons 7 hostile demons
 10419 | Lair:2   | XOM: blink monster(s)
 10428 | Lair:2   | XOM: confusion
 10503 | Lair:3   | XOM: destruction
 10515 | Lair:3   | Found a staircase to the Snake Pit.
 10515 | Lair:3   | XOM: 1-stop teleportation journey
 10518 | Lair:3   | XOM: summons 2 friendly demons
 10519 | Lair:3   | XOM: smoke on damage
 10519 | Lair:3   | Noticed a catoblepas
 10616 | Lair:3   | XOM: cast spell 'Cause Fear'
 10631 | Lair:3   | XOM: divination: detect items
 10632 | Lair:3   | Killed a catoblepas
 10640 | Lair:3   | Reached skill level 15 in Unarmed Combat
 10644 | Lair:3   | XOM: divination: detect items
 10685 | Lair:3   | Noticed a four-headed hydra
 10688 | Lair:3   | XOM: cast spell 'Dispersal'
 10756 | Lair:3   | XOM: enchant monster (bad)
 10762 | Lair:3   | Found a staircase to the Shoals.
 10780 | Lair:3   | XOM: divination: detect creatures
 10783 | Lair:3   | Slain by a polar bear

Illustrated notes

Levels and vault maps discovered:
D:1:      nzn_arrival_settlement, layout_basic,
          shapermc_ecumenical_altar_rom_forum, minivault_4
D:2:      kennysheep_the_goblin_king, layout_loops_corners, serial_shops,
          nicolae_square_shop, minmay_box_of_dots, uniq_crazy_yiuf_cottage
D:3:      layout_basic, grunt_ministairs_9, corexii_shack,
          kennysheep_jessica_study, uniq_natasha, uniq_jessica
D:4:      gammafunk_cloud_chamber, layout_layer_cave, kennysheep_mini_moat
D:5:      layout_gridville, mainiacjoe_overflow_chevrons, lemuel_doored_altar,
          amcnicky_altar_gilded, minmay_holes, st_stairs_9
D:6:      old_forge, layout_rooms, nicolae_overflow_crystal_walls,
          minmay_temple_entry_nine_rooms, gammafunk_ghost_arena, serial_shops,
          nicolae_lakefront_shop
D:7:      layout_basic, lemuel_mausoleum_altar_yredelemnul
D:8:      layout_basic, lemuel_round_altar, bh_walls_and_bars, uniq_maggie,
          uniq_joseph, uniq_maurice, uniq_erica
D:9:      layout_gridville, grunt_lair_entry_orc_guard_hut, serial_shops,
          nicolae_shop_statue_plus
D:10:     layout_roguey, gammafunk_temple_overflow_pools, marbit_many_paths,
          kennysheep_little_box, orc_0_dummy, serial_ice, serial_ice_i,
          serial_ice_o, serial_ice_n, serial_ice_e, serial_ice_h, serial_ice_a,
          serial_ice_f, chequers_hall_statues_wall_a, uniq_snorg
Temple:   hellmonk_temple_divided_pantheon
Lair:1:   layout_regular_city, gammafunk_ghost_abyssal_escape, evilmike_ambush
          [evilmike_ambush_outer_corners, evilmike_ambush_inner_basic],
          serial_bayou_shore_a, lemuel_fruit_fields
Lair:2:   layout_roguey, serial_rivers, chequers_serial_rivers_micro_a,
          chequers_serial_rivers_micro_d, chequers_serial_rivers_small_3,
          chequers_serial_rivers_micro_c, chequers_serial_rivers_micro_d,
          beast_lair_carwin_6
Lair:3:   layout_chaotic_city, elwin_shoals_entry_stream,
          minmay_snake_entry_six_corridors

Skill      XL: |  1  2  3  4  5  6  7  8  9 10 11 12 |
---------------+-------------------------------------+-----
Unarmed Combat | 4 5 6 7 8 9 11 12 13 15 | 15.2
Fighting       | 3 4 5 6 8 9 10 11 | 11.2
Evocations     | 3 5 6 |  6.7
Dodging        | 2 |  2.0
Armour         | 1 2 |  2.0
Throwing       | 3 |  3.0

Action                     |  1- 3 |  4- 6 |  7- 9 | 10-12 || total
---------------------------+-------+-------+-------+-------++-------
  Melee: Unarmed           |   105 |   162 |   250 |   534 ||  1051
         Punch             |     1 |     6 |       |       ||     7
  Throw: Dart              |       |       |    25 |    57 ||    82
         Throwing net      |       |       |     1 |       ||     1
         Boomerang         |       |       |       |    15 ||    15
  Evoke: Piece from Xom's  |     6 |    12 |    14 |    13 ||    45
         Wand              |       |       |       |    24 ||    24
    Use: Scroll            |       |     7 |     4 |    11 ||    22
         Potion            |       |       |     1 |     7 ||     8
   Stab: Sleeping          |     1 |       |       |       ||     1
         Paralysed         |       |     1 |     4 |       ||     5
         Petrified         |       |     1 |     2 |       ||     3
         Confused          |       |       |     1 |     3 ||     4
         Invisible         |       |       |       |     3 ||     3
         Distracted        |       |       |       |     1 ||     1
 Armour: Robe              |    35 |    57 |    95 |    91 ||   278
         Troll leather arm |       |       |       |    41 ||    41
  Dodge: Dodged            |    33 |    46 |   117 |   188 ||   384

Table legend: (Time is in decaauts)
 A = Elapsed time spent in this place.
 B = Non-inter-level travel time spent in this place.
 C = Inter-level travel time spent in this place.
 D = Time resting spent in this place.
 E = Time spent auto-exploring this place.
 F = Levels seen in this place.
 G = Mean time per level.
                   A        B        C        D        E       F      G
               +--------+--------+--------+--------+--------+-----+--------+
         Total |  11126 |  10462 |    664 |    491 |   5962 |  14 |  794.7 |
       Dungeon |   8871 |   8380 |    491 |    379 |   4676 |  10 |  887.1 |
        Temple |     27 |     20 |      7 |      0 |      5 |   1 |   27.0 |
          Lair |   2226 |   2061 |    165 |    112 |   1281 |   3 |  742.0 |
               +--------+--------+--------+--------+--------+-----+--------+

Top non-repeatable levels by time:
    D:10: 1183 daAuts
     D:4: 1109 daAuts
     D:7: 1083 daAuts
     D:2: 1020 daAuts
  Lair:2: 1005 daAuts
     D:8: 949 daAuts
     D:6: 938 daAuts
  Lair:1: 874 daAuts
     D:3: 863 daAuts
     D:9: 665 daAuts
     D:5: 592 daAuts
     D:1: 465 daAuts
  Lair:3: 346 daAuts
  Temple: 27 daAuts
